 Dungeon Crawl Stone Soup version 0.28-a0-863-g8cecda6153 (webtiles) character file.

Game seed: 1464076287088768647

16148 siradein the Fighter (level 12, -3/111 HPs)
             Began as a Hill Orc Fighter on Nov 19, 2021.
             Was a Believer of Beogh.
             Slain by a minotaur (10 damage)
             ... in a Gauntlet.
             The game lasted 00:41:57 (15570 turns).

siradein the Fighter (Hill Orc Fighter)            Turns: 15570, Time: 00:41:58

Health: -3/111     AC: 19    Str: 22    XL:     12   Next: 34%
Magic:  17/17      EV:  8    Int:  8    God:    Beogh [**....]
Gold:   660        SH:  0    Dex: 12    Spells: 11/11 levels left

rFire   + . .      SeeInvis +   H - +5 dire flail (holy)
rCold   + + .      Faith    .   (shield currently unavailable)
rNeg    . . .      Spirit   .   G - +4 chain mail {Will+}
rPois   +          Reflect  .   C - +0 helmet {SInv}
rElec   .          Harm     .   j - scarf {rC+ rF+}
rCorr   .          Rampage  .   l - +0 pair of gloves
Will    +....      NoTele   +   (no boots)
Stlth   ..........              W - amulet of regeneration
HPRegen 2.28/turn               n - ring of poison resistance
MPRegen 0.15/turn               q - ring of flight

@: flying
A: talons 1, cold resistance 1, low mp 1, regeneration 1, screaming 1, shaggy
fur 1
a: Renounce Religion, Smiting


You were in a Gauntlet.
You worshipped Beogh.
Beogh was pleased with you.
You visited 2 branches of the dungeon, and saw 12 of its levels.
You also visited: Sewer and Gauntlet.

You collected 690 gold pieces.
You spent 30 gold pieces at shops.

Inventory:

Hand Weapons
 g - a +0 flail of protection
 o - a +0 morningstar
 s - a +2 whip of electrocution
 H - a +5 dire flail of holy wrath (weapon)
 Y - a +3 arbalest of flaming
Missiles
 b - 321 stones
 h - 2 datura-tipped darts
 i - 17 poisoned darts (quivered)
 N - 7 boomerangs of dispersal
 V - 2 atropa-tipped darts
Armour
 c - a +0 buckler
 e - a +0 cloak
 j - a scarf of resistance (worn)
 l - a +0 pair of gloves (worn)
 C - a +0 helmet of see invisible (worn)
 G - a +4 chain mail of willpower (worn)
Jewellery
 n - a ring of poison resistance (left hand)
 q - a ring of flight (right hand)
 t - an amulet of the acrobat
 P - a ring of see invisible
 W - an amulet of regeneration (around neck)
Wands
 d - a wand of digging (6)
 z - a wand of flame (49)
 D - a wand of acid (6)
 K - a wand of paralysis (12)
 U - a wand of iceblast (10)
Scrolls
 f - a scroll of fear
 r - 2 scrolls of acquirement
 u - 7 scrolls of teleportation
 v - 4 scrolls of enchant weapon
 w - 7 scrolls of fog {unknown}
 y - a scroll of brand weapon {unknown}
 A - 4 scrolls of magic mapping {unknown}
 E - 3 scrolls of enchant armour {unknown}
 M - 2 scrolls of amnesia {unknown}
 O - a scroll of immolation {unknown}
 Q - 2 scrolls of vulnerability {unknown}
 S - a scroll of noise {unknown}
Potions
 a - 3 potions of lignification
 p - a potion of cancellation {unknown}
 x - a potion of invisibility {unknown}
 B - 2 potions of haste
 F - a potion of brilliance {unknown}
 I - 4 potions of curing
 J - 2 potions of flight {unknown}
 L - a potion of attraction {unknown}
 R - 2 potions of resistance {unknown}
 T - a potion of magic {unknown}
Miscellaneous
 X - a piece from Xom's chessboard (14/15)


   Skills:
 + Level 11.7 Fighting
 + Level 10.4 Maces & Flails
 + Level 10.8 Armour
 + Level 10.7 Shields
 + Level 9.2 Invocations


You had 11 spell levels left.
You didn't know any spells.
Your spell library contained the following spells:

 Spells                   Type           Power      Damage    Failure   Level
 Sting                    Tmut/Pois      0%         1d3       94%         1
 Poisonous Vapours        Pois/Air       0%         N/A       98%         2
 Scorch                   Fire           0%         2d5       98%         2
 Ozocubu's Armour         Ice            0%         N/A       100%        3
 Flame Wave               Conj/Fire      0%         3d3       100%        4
 Olgreb's Toxic Radiance  Pois           0%         N/A       100%        4
 Metabolic Englaciation   Hex/Ice        0%         N/A       100%        5
 Simulacrum               Ice/Necr       0%         N/A       100%        6
 Summon Cactus Giant      Summ           0%         N/A       100%        6
 Ozocubu's Refrigeration  Ice            0%         4d5       100%        7
 Ignition                 Fire           0%         3d3       100%        8


Dungeon Overview and Level Annotations

Branches:
Dungeon (11/15)            Temple (0/1) D:4            Lair (1/6) D:9
    Orc (0/2) D:10          Sewer (visited)         Gauntlet (1/1)

Altars:
Dithmenos

Shops:
D:2 [   D:10 ?

Annotations:
D:4 1 runed translucent door, Crazy Yiuf
D:9 2 transporters, ytrimaz's ghost, novice DsFi Gauntlet 6 transporters, exclusion: oklob plant


Innate Abilities, Weirdness & Mutations

You have sharp toenails.
Your flesh is cold resistant. (rC+)
Your magical capacity is low. (-10% MP)
Your natural rate of healing is unusually fast.
You occasionally shout uncontrollably at your foes.
You are covered in fur. (AC +1)


Message History

You feel much better.
It was a potion of ambrosia.
You are confused.
You feel invigorated.
The minotaur hits you with a +0 spectral lajatang!!
The minotaur gores you but does no damage.
You barely miss the minotaur.
You claw the minotaur, but do no damage.
The minotaur is lightly wounded.
You bump into the metal wall.
The minotaur hits you with a +0 spectral lajatang.
The minotaur gores you!
You bump into the metal wall.
The minotaur hits you with a +0 spectral lajatang!
* * * LOW HITPOINT WARNING * * *
The minotaur gores you but does no damage.
You closely miss the minotaur. You claw the minotaur.
The minotaur is lightly wounded.
The minotaur hits you with a +0 spectral lajatang.
The minotaur gores you but does no damage.
You hit the minotaur.
The minotaur is lightly wounded.
The minotaur hits you with a +0 spectral lajatang!!
* * * LOW HITPOINT WARNING * * *
The minotaur barely misses you.
You feel much better.
The minotaur hits you with a +0 spectral lajatang!!
* * * LOW HITPOINT WARNING * * *
The minotaur gores you but does no damage.
You bump into the metal wall.
You feel less invigorated.
You feel less confused.
The minotaur hits you with a +0 spectral lajatang!!
* * * LOW HITPOINT WARNING * * *
The minotaur gores you.
* * * LOW HITPOINT WARNING * * *
You closely miss the minotaur.
The minotaur furiously retaliates!
The minotaur headbutts you, but does no damage.
The minotaur is lightly wounded.
The minotaur barely misses you. The minotaur gores you!
You die...

... ∩. #H ######'#######
.............# #.###.###.###.#
#.............# ###.###H###.###
###.###@###.#####
..............§≈# ##
.8.8..©.©..8.8§8# ### 8#
...............≈# #8#
###############################
##≈............§∩≈............≈##
8#.............................#8
#..###########...###########..##
#..#..$?©.=ss#...#....§....#..#


You could see a minotaur.

Vanquished Creatures
  A blizzard demon (Gauntlet)
  Erolcha (D:10)
  5 two-headed ogres
  A catoblepas (Gauntlet)
  Pikel (D:4)
  A manticore (D:11)
  3 gargoyles
  An unseen horror (D:11)
  2 ice devils (Gauntlet)
  A komodo dragon (D:10)
  A troll (D:10)
  A raiju (Gauntlet)
  A vampire (D:10)
  A shadow (D:10)
  A wraith (D:10)
  A wyvern (D:8)
  Sigmund (D:4)
  15 yaks
  2 steam dragons (Gauntlet)
  Edmund (D:6)
  Menkaure (D:6)
  An acid dragon (D:10)
  2 water moccasins
  Pargi (Sewer)
  A hornet zombie (D:7)
  4 orc warriors
  An ice beast (D:8)
  2 black bears
  A necrophage (D:4)
  6 wolves (Lair:1)
  A centaur (D:8)
  A phantom (D:6)
  2 bullfrogs (Lair:1)
  3 scorpions
  A wyvern zombie (D:8)
  A gnoll sergeant (D:4)
  A wyvern skeleton (D:7)
  A water moccasin skeleton (D:5)
  13 killer bees
  8 wights
  A howler monkey (D:5)
  A bullfrog zombie (D:7)
  4 centaur zombies
  4 orc priests
  2 hounds
  2 jellies (D:5)
  2 gnoll shamans
  A bullfrog skeleton (D:6)
  Terence (D:3)
  3 iguanas
  5 orc wizards
  A killer bee zombie (D:8)
  A hound zombie (D:5)
  A howler monkey zombie (D:5)
  7 adders
  13 gnolls
  A shadow imp (D:5)
  2 white imps
  An ufetubus (D:7)
  3 worms
  3 dart slugs
  28 orcs
  9 ball pythons
  7 endoplasms
  3 giant cockroaches
  4 goblins
  6 hobgoblins
  17 jackals
  8 kobolds
  3 quokkas
  4 bats
  9 frilled lizards
  A rat (D:1)
252 creatures vanquished.

Vanquished Creatures (others)
  2 fungi (Gauntlet)
  26 plants
28 creatures vanquished.

Grand Total: 280 creatures vanquished

Notes
Turn   | Place    | Note
-------+----------+-------------------------------------------
     0 | D:1      | siradein the Hill Orc Fighter began the quest for the Orb.
     0 | D:1      | Reached XP level 1. HP: 19/19 MP: 1/1
    49 | D:1      | Reached XP level 2. HP: 25/27 MP: 2/2
   427 | D:1      | Reached skill level 4 in Fighting
   429 | D:1      | Reached XP level 3. HP: 33/33 MP: 3/3
  1324 | D:2      | Found Toesusi's Armour Boutique.
  1476 | D:2      | Found a faded altar of an unknown god.
  1481 | D:2      | Reached XP level 4. HP: 37/40 MP: 4/4
  2960 | D:3      | Noticed Terence
  2967 | D:3      | Killed Terence
  2968 | D:3      | Reached XP level 5. HP: 41/47 MP: 5/5
  3418 | D:4      | Noticed a necrophage
  3430 | D:4      | Killed a necrophage
  3431 | D:4      | Reached skill level 5 in Fighting
  3431 | D:4      | Reached XP level 6. HP: 43/56 MP: 6/6
  3440 | D:4      | Found a runed translucent door.
  3441 | D:4      | Noticed Crazy Yiuf
  3450 | D:4      | Noticed Pikel
  3460 | D:4      | Killed Pikel
  3461 | D:4      | Reached skill level 6 in Fighting
  3461 | D:4      | Reached skill level 5 in Armour
  3461 | D:4      | Reached skill level 5 in Shields
  3461 | D:4      | Reached XP level 7. HP: 35/63 MP: 7/7
  3501 | D:4      | Found a glowing drain.
  3557 | Sewer    | Entered a sewer
  3673 | Sewer    | Noticed Pargi
  3736 | Sewer    | Killed Pargi
  3737 | Sewer    | Reached skill level 5 in Maces & Flails
  3903 | D:4      | Found a staircase to the Ecumenical Temple.
  3928 | D:4      | Reached XP level 8. HP: 70/71 MP: 8/8
  4359 | D:4      | Noticed Sigmund
  4438 | D:4      | Killed Sigmund
  4994 | D:5      | Entered Level 5 of the Dungeon
  5008 | D:5      | Reached skill level 7 in Fighting
  5939 | D:5      | Reached XP level 9. HP: 55/79 MP: 9/9
  6299 | D:6      | Noticed Menkaure
  6303 | D:6      | Killed Menkaure
  6560 | D:6      | Noticed Edmund
  6579 | D:6      | Killed Edmund
  6580 | D:6      | Reached skill level 8 in Fighting
  6668 | D:6      | Became a worshipper of Beogh the Brigand
  7919 | D:7      | Reached skill level 1 in Invocations
  8496 | D:7      | Reached * piety under Beogh
  8506 | D:8      | Found a shadowy altar of Dithmenos.
  9302 | D:7      | Reached XP level 10. HP: 75/90 MP: 12/12
  9547 | D:8      | Reached skill level 9 in Fighting
 10115 | D:9      | Found a transporter.
 10116 | D:9      | Noticed ytrimaz's ghost (novice DsFi)
 10122 | D:9      | Identified the +0 leather armour "Zeaq" {rPois}
 10159 | D:9      | Reached ** piety under Beogh
 10241 | D:9      | Found a transporter.
 10263 | D:9      | Noticed a two-headed ogre
 10297 | D:9      | Killed a two-headed ogre
 10716 | D:9      | Noticed a two-headed ogre
 11076 | D:9      | Reached skill level 5 in Invocations
 11426 | D:9      | Found a staircase to the Lair.
 11768 | D:9      | Killed a two-headed ogre
 12066 | D:10     | Entered Level 10 of the Dungeon
 12512 | D:10     | Found a staircase to the Orcish Mines.
 12553 | D:10     | Reached skill level 10 in Fighting
 12657 | D:10     | Reached XP level 11. HP: 99/99 MP: 15/15
 12995 | D:10     | Noticed Erolcha
 13002 | D:10     | Killed Erolcha
 13225 | D:10     | Found Metsu's Magic Scroll Emporium.
 13231 | D:10     | Bought a scroll of identify for 30 gold pieces
 13232 | D:10     | Identified 2 scrolls of acquirement
 13246 | D:10     | Noticed a two-headed ogre
 13265 | D:10     | Killed a two-headed ogre
 13670 | D:11     | Noticed a manticore
 13682 | D:11     | Killed a manticore
 14092 | D:11     | Reached skill level 10 in Armour
 14195 | D:11     | Reached skill level 10 in Shields
 14217 | D:11     | Reached skill level 11 in Fighting
 14342 | D:11     | Noticed a two-headed ogre
 14342 | D:11     | Noticed a two-headed ogre
 14361 | D:11     | Killed a two-headed ogre
 14465 | D:11     | Killed a two-headed ogre
 14567 | D:11     | Reached skill level 10 in Maces & Flails
 14601 | D:11     | Noticed an eight-headed hydra
 14856 | Lair:1   | Entered Level 1 of the Lair of Beasts
 14880 | Lair:1   | Reached XP level 12. HP: 108/110 MP: 18/18
 15013 | Lair:1   | Identified the +1 ring mail "Guczerchi" {Fly}
 15018 | Lair:1   | Found a gate leading to a gauntlet.
 15030 | Gauntlet | Entered a Gauntlet
 15030 | Gauntlet | Noticed a catoblepas
 15030 | Gauntlet | Found a transporter.
 15030 | Gauntlet | Found a transporter.
 15030 | Gauntlet | Found a transporter.
 15034 | Gauntlet | Found a transporter.
 15034 | Gauntlet | Found a transporter.
 15048 | Gauntlet | Found a transporter.
 15048 | Gauntlet | Found a transporter.
 15052 | Gauntlet | Noticed an entropy weaver
 15058 | Gauntlet | Found a transporter.
 15058 | Gauntlet | Noticed a blizzard demon
 15152 | Gauntlet | Found a transporter.
 15160 | Gauntlet | Found a transporter.
 15164 | Gauntlet | Found a transporter.
 15174 | Gauntlet | Found a transporter.
 15251 | Gauntlet | Gained mutation: Your mind is acute. (Int +2) [potion of
                  | mutation]
 15251 | Gauntlet | Gained mutation: You are frail. (-10% HP) [potion of
                  | mutation]
 15251 | Gauntlet | Gained mutation: You are very frail. (-20% HP) [potion of
                  | mutation]
 15251 | Gauntlet | Gained mutation: You have sharp toenails. [potion of
                  | mutation]
 15252 | Gauntlet | Lost mutation: Your mind is acute. (Int +2) [potion of
                  | mutation]
 15252 | Gauntlet | Lost mutation: You are very frail. (-20% HP) [potion of
                  | mutation]
 15252 | Gauntlet | Gained mutation: You sometimes lose the ability to read
                  | scrolls when taking damage. [potion of mutation]
 15252 | Gauntlet | Gained mutation: Your flesh is cold resistant. (rC+)
                  | [potion of mutation]
 15253 | Gauntlet | Lost mutation: You sometimes lose the ability to read
                  | scrolls when taking damage. [potion of mutation]
 15253 | Gauntlet | Lost mutation: You have sharp toenails. [potion of
                  | mutation]
 15253 | Gauntlet | Gained mutation: You occasionally shout uncontrollably at
                  | your foes. [potion of mutation]
 15253 | Gauntlet | Gained mutation: Your natural rate of healing is unusually
                  | fast. [potion of mutation]
 15253 | Gauntlet | Gained mutation: You are covered in fur. (AC +1) [potion of
                  | mutation]
 15392 | Gauntlet | Killed a catoblepas
 15459 | Gauntlet | Lost mutation: You are frail. (-10% HP) [potion of
                  | mutation]
 15459 | Gauntlet | Gained mutation: Your magical capacity is low. (-10% MP)
                  | [potion of mutation]
 15459 | Gauntlet | Gained mutation: You have sharp toenails. [potion of
                  | mutation]
 15495 | Gauntlet | Killed a blizzard demon
 15544 | Gauntlet | Noticed a minotaur
 15569 | Gauntlet | HP: 5/111 [minotaur (4)]
 15570 | Gauntlet | Slain by a minotaur

Illustrated notes

Levels and vault maps discovered:
D:1:      dpeg_arrival_rooms_c, layout_basic, st_stairs_9, minmay_tromino_mix6
D:2:      layout_basic, serial_shops, shop,
          shapermc_ecumenical_altar_starsandcircs, minmay_split_cup_large
D:3:      layout_loops_corners, uniq_terence
D:4:      layout_loops_ring, minmay_temple_entry_tees, portal_sewer_entry_d,
          nicolae_grassy_gnolls, uniq_crazy_yiuf_cottage, uniq_sigmund,
          uniq_pikel
D:5:      layout_gridville, nrook_uturn
D:6:      layout_layer_cave, uniq_menkaure, uniq_edmund
D:7:      layout_basic
D:8:      layout_loops_ring, old_standard_altar, kennysheep_small_spiral
D:9:      layout_basic, lair_entry_dummy, gammafunk_ghost_stat_death
D:10:     layout_basic, orc_0_dummy, serial_shops, shop, uniq_erolcha
D:11:     layout_roguey, wad_floor_pattern_1
Lair:1:   layout_gridlike, gauntlet_entry_generic, grunt_megastairs_1
Gauntlet: gammafunk_gauntlet_hard_choice [nicolae_gauntlet_arena_flowing_pool,
          gammafunk_gauntlet_arena_split_x,
          gammafunk_gauntlet_arena_arrow_garden,
          gammafunk_gauntlet_arena_spirals, nicolae_gauntlet_arena_quarters,
          gammafunk_gauntlet_arena_open, gauntlet_exit_hidden_loot]

Skill      XL: |  1  2  3  4  5  6  7  8  9 10 11 12 |
---------------+-------------------------------------+-----
Fighting       | 4 5 6 7 8 10 11 | 11.7
Maces & Flails | 3 4 5 6 7 8 10 | 10.4
Armour         | 4 5 6 8 9 10 | 10.8
Shields        | 4 5 6 8 9 10 | 10.7
Invocations    | 3 6 8 9 |  9.2

Action                   |  1- 3 |  4- 6 |  7- 9 | 10-12 || total
-------------------------+-------+-------+-------+-------++-------
Melee: Flail             |   134 |   167 |       |   250 ||   551
       Whip              |       |       |   382 |   255 ||   637
       Morningstar       |       |       |       |   132 ||   132
       Dire flail        |       |       |       |    43 ||    43
       Kick              |       |       |       |    12 ||    12
Throw: Dart              |       |       |     6 |    35 ||    41
       Stone             |       |       |     1 |       ||     1
Invok: Convert to Beogh  |       |       |     1 |       ||     1
       Smiting           |       |       |       |     5 ||     5
Evoke: Wand              |       |       |     4 |       ||     4
       Piece from Xom's  |       |       |       |     1 ||     1
  Use: Potion            |       |     1 |       |     8 ||     9
       Scroll            |       |       |       |    10 ||    10
Armor: Scale mail        |    29 |       |       |       ||    29
       Chain mail        |    45 |   103 |   166 |   507 ||   821
Dodge: Dodged            |    67 |    62 |   106 |   289 ||   524
Block: Buckler           |    32 |    43 |    98 |   215 ||   388

Table legend: (Time is in decaauts)
 A = Elapsed time spent in this place.
 B = Non-inter-level travel time spent in this place.
 C = Inter-level travel time spent in this place.
 D = Time resting spent in this place.
 E = Time spent auto-exploring this place.
 F = Levels seen in this place.
 G = Mean time per level.
                   A        B        C        D        E       F      G
               +--------+--------+--------+--------+--------+-----+--------+
         Total |  15475 |  15086 |    389 |   1318 |  10377 |  14 | 1105.4 |
       Dungeon |  14496 |  14107 |    389 |   1313 |   9972 |  11 | 1317.8 |
          Lair |    170 |    170 |      0 |      0 |      0 |   1 |  170.0 |
         Sewer |    289 |    289 |      0 |      0 |    235 |   1 |  289.0 |
      Gauntlet |    518 |    518 |      0 |      5 |    170 |   1 |  518.0 |
               +--------+--------+--------+--------+--------+-----+--------+

Top non-repeatable levels by time:
     D:9: 2037 daAuts
     D:7: 1791 daAuts
    D:10: 1559 daAuts
     D:4: 1381 daAuts
     D:1: 1358 daAuts
     D:3: 1211 daAuts
     D:6: 1131 daAuts
     D:5: 1103 daAuts
    D:11: 1085 daAuts
     D:8: 1017 daAuts
     D:2: 819 daAuts
Gauntlet: 518 daAuts
   Sewer: 289 daAuts
  Lair:1: 170 daAuts
